 Dungeon Crawl Stone Soup version 0.28.0-53-g5a82cb258f (webtiles) character file.

Game seed: 2014793757159215708

3566 issech the Cleaver (level 9, -5/71 HPs)
             Began as a Minotaur Monk on May 31, 2022.
             Was a Believer of Hepliaklqana.
             Slain by a steam dragon (8 damage)
             ... on level 7 of the Dungeon.
             The game lasted 00:25:01 (8598 turns).

issech the Cleaver (Minotaur Monk)                  Turns: 8598, Time: 00:25:02

Health: -5/71      AC: 16    Str: 16    XL:     9   Next: 84%
Magic:  8/8        EV:  7    Int:  7    God:    Hepliaklqana [**....]
Gold:   322        SH:  0    Dex: 17    Spells: 8/8 levels left

rFire   . . .      SeeInvis .   s - +2 halberd (vamp)
rCold   . . .      Faith    .   (shield currently unavailable)
rNeg    . . .      Spirit   .   c - +0 plate armour
rPois   +          Reflect  .   (helmet restricted)
rElec   .          Harm     .   u - +1 cloak
rCorr   +          Rampage  .   (no gloves)
Will    .....                   (no boots)
Stlth   ..........              (no amulet)
HPRegen 0.21/turn               b - ring of resist corrosion
MPRegen 0.11/turn               y - ring of poison resistance

@: no status effects
A: reduced essence, horns 2, retaliatory headbutt
a: Renounce Religion, Recall Ancestor, Ancestor Identity


You were on level 7 of the Dungeon.
You worshipped Hepliaklqana.
Hepliaklqana was pleased with you.
You visited 2 branches of the dungeon, and saw 8 of its levels.

You collected 322 gold pieces.

Inventory:

Hand Weapons
 n - a +1 war axe
 s - a +2 vampiric halberd (weapon)
 w - a +0 mace of protection
 x - a +0 shortbow
 E - a +0 vorpal spear
 F - a +1 rapier of speed
 K - a +0 hunting sling
 V - a +3 flail of holy wrath
Missiles
 g - 3 large rocks
 h - 38 bolts
 i - 54 sling bullets
 k - 104 arrows
 m - 223 stones
 r - 2 throwing nets
 H - 2 boomerangs (quivered)
Armour
 c - a +0 plate armour (worn)
 u - a +1 cloak (worn)
 W - a +0 chain mail of willpower
Jewellery
 b - a ring of resist corrosion (left hand)
 y - a ring of poison resistance (right hand)
Wands
 o - a wand of flame (14)
 B - a wand of iceblast (3)
 M - a wand of polymorph (2)
Scrolls
 d - 4 scrolls of identify {unknown}
 f - 2 scrolls of vulnerability {unknown}
 j - a scroll of brand weapon {unknown}
 q - 4 scrolls of fear {unknown}
 z - 2 scrolls of enchant weapon {unknown}
 C - 2 scrolls of enchant armour {unknown}
 R - a scroll of fog {unknown}
 U - a scroll of holy word {unknown}
 Y - a scroll of summoning {unknown}
Potions
 a - 5 potions of curing {unknown}
 e - 2 potions of might {unknown}
 l - a potion of berserk rage {unknown}
 p - a potion of attraction {unknown}
 t - a potion of flight {unknown}
 v - a potion of cancellation {unknown}
 A - a potion of degeneration {unknown}
 D - a potion of magic {unknown}
 N - 2 potions of mutation {unknown}
 Q - 3 potions of heal wounds {unknown}


   Skills:
 + Level 7.5 Fighting
 + Level 11.0(11.4) Axes
 + Level 4.0(8.1) Maces & Flails
 + Level 2.2(7.3) Polearms
 + Level 0.6 Throwing
 + Level 9.6 Armour
 + Level 3.7 Dodging
 + Level 2.6 Stealth
 + Level 0.4 Unarmed Combat
 + Level 0.2 Evocations


You had 8 spell levels left.
You didn't know any spells.
Your spell library contained the following spells:

 Spells                   Type           Power      Damage    Failure   Level
 Leda's Liquefaction      Hex/Erth       0%         N/A       100%        4
 Lee's Rapid Deconstruct  Erth           0%         3d5*      100%        5
 Summon Forest            Summ/Tloc      0%         N/A       100%        5
 Eringya's Noxious Bog    Tmut/Pois      0%         N/A       100%        6
 Statue Form              Tmut/Erth      0%         N/A       100%        6
 Summon Hydra             Summ           0%         N/A       100%        7


Dungeon Overview and Level Annotations

Branches:
Dungeon (7/15)             Temple (1/1) D:5

Altars:
Ashenzari
Cheibriados
Dithmenos
Elyvilon
Gozag
Hepliaklqana
Kikubaaqudgha
Makhleb
Nemelex Xobeh
Qazlal
Sif Muna
Trog
Uskayaw
Vehumet
Wu Jian
Xom
Yredelemnul
The Shining One

Annotations:
D:3 1 transporter, Icepheonix32's ghost, amateur DsIE
D:7 Pikel


Innate Abilities, Weirdness & Mutations

Your life essence is reduced to manifest your ancestor. (-10% HP)
You have a pair of horns on your head.
You reflexively headbutt those who attack you in melee.


Message History

The orc closely misses you. The steam dragon breathes steam at you.
The ball of steam hits you! Pikel hits you but does no damage.
Unknown command.
You hit Pikel.
Pikel is heavily wounded.
You are engulfed in a cloud of scalding steam.
The orc barely misses you. The steam dragon closely misses you.
The steam dragon claws you.
Pikel hits you with a +1 whip of flaming.
Pikel burns you. The steam dragon barely misses you. You furiously retaliate!
You headbutt the steam dragon. The steam dragon barely misses you.
The orc hits you with a +0 flail.
The orc wizard hits you but does no damage.
Pikel says, "Hell isn't that bad."
The steam dragon bites you but does no damage.
The steam dragon barely misses you.
The orc wizard casts a spell.
The orc wizard flickers and vanishes!
Deactivating autopickup; reactivate with Ctrl-A.
The steam dragon breathes steam at you. The ball of steam misses you.
You hear a shout!
You are engulfed in a cloud of scalding steam.
The lemure is engulfed in a cloud of scalding steam.
The lemure is engulfed in a cloud of scalding steam.
The steam dragon breathes steam at you. The ball of steam hits you!!
* * * LOW HITPOINT WARNING * * *
The steam dragon breathes steam at you. The ball of steam hits you!
* * * LOW HITPOINT WARNING * * *
You closely miss the steam dragon. Your headbutt misses the steam dragon.
The steam dragon is lightly wounded.
The steam dragon bites you but does no damage.
The steam dragon claws you but does no damage.
You barely miss the steam dragon. You headbutt the steam dragon!
The steam dragon is heavily wounded.
The steam dragon bites you!
You die...

...### o #.. ..... #..
...########## .... #######.#
............# .....#......).
............# .....#.......#
............# # .....#.......#
............#.# .............
.......##.#.#.####### #..K......#
.......##.......@D55###....o....#
.......##...#.#####.#...5o......#
#########...#.# #§#.#...##.#..#
#...# # #.D.#....#.##.# #...#
#...§5...#.##.# #########...#
#...####.#.##.# #...........#
#..........##†#
#...........#######.....)....##.#
#..######................).......


You could see a steam dragon and 2 lemures.

Vanquished Creatures
  Eustachio (D:6)
  Edmund (D:6)
  An orc warrior (D:6)
  A black bear (D:4)
  An ogre (D:5)
  3 sky beasts
  A centaur (D:6)
  A lemure (D:7)
  Blork the orc (D:4)
  2 bullfrogs
  A wight (D:4)
  2 bullfrog zombies
  A jelly (D:4)
  A hound (D:4)
  2 orc priests
  A human zombie (D:4)
  Jessica (D:3)
  Terence (D:2)
  4 scorpion zombies (D:4)
  Natasha (thrice) (D:2)
  An iguana (D:3)
  2 orc wizards
  A killer bee zombie (D:5)
  A hound zombie (D:4)
  A hound skeleton (D:5)
  A mummy (D:4)
  7 adders
  4 gnolls
  An ufetubus (D:5)
  An adder skeleton (D:4)
  2 adder zombies (D:4)
  A dart slug (D:2)
  17 orcs
  6 bats
  4 endoplasms
  3 giant cockroaches
  9 goblins
  10 hobgoblins
  5 jackals
  3 quokkas
  7 ball pythons
  5 frilled lizards
  A jackal zombie (D:4)
  9 kobolds
  7 rats
139 creatures vanquished.

Vanquished Creatures (collateral kills)
  2 two-headed ogres (D:6)
  A water moccasin (D:6)
  An orc warrior (D:7)
  An ogre (D:7)
  3 orc priests
  An iguana (D:6)
  2 orc wizards (D:7)
  3 gnolls (D:7)
  An adder (D:6)
  2 white imps
  An orc (D:7)
18 creatures vanquished.

Vanquished Creatures (others)
  2 battlemagi
  3 fungi (D:3)
  7 plants
12 creatures vanquished.

Grand Total: 169 creatures vanquished

Notes
Turn   | Place    | Note
-------+----------+-------------------------------------------
     0 | D:1      | issech the Minotaur Monk began the quest for the Orb.
     0 | D:1      | Reached XP level 1. HP: 19/19 MP: 0/0
    80 | D:1      | Reached XP level 2. HP: 17/27 MP: 1/1
   305 | D:1      | Reached skill level 4 in Axes
   594 | D:1      | Reached XP level 3. HP: 31/33 MP: 2/2
  1213 | D:2      | Noticed Natasha
  1217 | D:2      | Killed Natasha
  1218 | D:2      | Reached skill level 1 in Armour
  1218 | D:2      | Reached XP level 4. HP: 38/41 MP: 3/3
  1271 | D:2      | Noticed Terence
  1287 | D:2      | Killed Terence
  1288 | D:2      | Reached skill level 5 in Axes
  1532 | D:2      | Noticed Natasha
  1543 | D:2      | Killed Natasha
  1544 | D:2      | Reached XP level 5. HP: 38/47 MP: 4/4
  1870 | D:2      | Noticed Natasha
  1923 | D:2      | Killed Natasha
  2203 | D:3      | Noticed Jessica
  2216 | D:3      | Killed Jessica
  2258 | D:3      | Reached skill level 1 in Maces & Flails
  2287 | D:3      | Found a shadowy altar of Dithmenos.
  2299 | D:3      | Reached skill level 6 in Axes
  2501 | D:3      | Found a faded altar of an unknown god.
  2668 | D:3      | Found a shimmering altar of Xom.
  2699 | D:3      | Noticed Icepheonix32's ghost (amateur DsIE)
  2706 | D:3      | Found a transporter.
  2706 | D:3      | Noticed an ogre
  2747 | D:3      | Reached XP level 6. HP: 50/53 MP: 5/5
  3104 | D:4      | Found an ancient bone altar of Kikubaaqudgha.
  3585 | D:4      | Noticed Blork the orc
  3593 | D:4      | Killed Blork the orc
  3594 | D:4      | Reached XP level 7. HP: 41/60 MP: 6/6
  3744 | D:4      | Reached skill level 5 in Fighting
  3744 | D:4      | Reached skill level 7 in Axes
  3881 | D:4      | Found a basalt altar of Yredelemnul.
  4366 | D:5      | Entered Level 5 of the Dungeon
  4420 | D:5      | Reached skill level 8 in Axes
  4822 | D:5      | Found an opulent altar of Gozag.
  4861 | D:5      | Reached skill level 5 in Armour
  4917 | D:5      | Reached XP level 8. HP: 60/70 MP: 7/7
  5356 | D:5      | Found a staircase to the Ecumenical Temple.
  5370 | Temple   | Entered the Ecumenical Temple
  5396 | Temple   | Became a worshipper of Hepliaklqana the Forgotten
  5396 | Temple   | Reached * piety under Hepliaklqana
  5396 | Temple   | Reached ** piety under Hepliaklqana
  5397 | Temple   | Remembered your ancestor Octavius as a battlemage
  5533 | D:5      | Found an ornate altar of the Wu Jian Council.
  5943 | D:6      | Reached skill level 9 in Axes
  6186 | D:6      | Found a sparkling altar of Nemelex Xobeh.
  6209 | D:6      | Noticed Eustachio
  6244 | D:6      | Killed Eustachio
  6365 | D:6      | Noticed a two-headed ogre
  6742 | D:6      | Noticed Edmund
  6751 | D:6      | Killed Edmund
  6752 | D:6      | Reached skill level 10 in Axes
  7297 | D:6      | HP: 2/63 [two-headed ogre/+0 giant club (13)]
  7297 | D:6      | Killed a two-headed ogre
  7298 | D:6      | Reached XP level 9. HP: 1/70 MP: 8/8
  7947 | D:7      | Noticed a two-headed ogre
  7958 | D:6      | Killed a two-headed ogre
  8353 | D:7      | Reached skill level 1 in Polearms
  8400 | D:7      | Found a hide-covered altar of Uskayaw.
  8445 | D:7      | Reached skill level 11 in Axes
  8551 | D:7      | Noticed Pikel
  8592 | D:7      | HP: 2/71 [something/ball of steam (16)]
  8598 | D:7      | Slain by a steam dragon

Illustrated notes

Levels and vault maps discovered:
D:1:      minmay_arrival_radiant_lines, layout_basic
D:2:      layout_basic, kennysheep_potato, uniq_terence, uniq_natasha
D:3:      layout_rooms, mainiacjoe_overflow_surrounded_room,
          grunt_dithmenos_smoke, shapermc_ecumenical_altar_ellora,
          gammafunk_ghost_smash, uniq_jessica
D:4:      layout_loops_ring, lemuel_mausoleum_altar_yredelemnul,
          kiku_gazebo_pond_becter, uniq_blork_the_orc
D:5:      layout_basic, nzn_wu_jian_contemplation, marbit_many_paths,
          minmay_temple_entry_grid, amcnicky_mini_pool_small
D:6:      layout_loops_cross, old_standard_altar, serial_co_window_serial,
          co_window_corner_a, co_window_of_opportunity_a, co_window_corner_a,
          co_window_corner_a, co_window_of_opportunity_a, co_window_cross_2,
          co_window_corner_b, co_window_broadway_a, co_window_broadway_c,
          glass_columns_a, uniq_eustachio, uniq_edmund
D:7:      layout_basic, nicolae_ru_awakened_eye, mainiacjoe_overflow_alcove_2,
          uniq_pikel
Temple:   cyrus_temple_forest

Skill      XL: |  1  2  3  4  5  6  7  8  9 |
---------------+----------------------------+-----
Axes           | 4 5 6 8 10 11 | 11.0
Fighting       | 4 5 6 7 |  7.5
Armour         | 1 2 3 5 7 9 |  9.6
Maces & Flails | 1 2 3 4 |  4.0
Stealth        | 2 |  2.6
Polearms       | 2 |  2.2
Throwing       | |  0.6
Dodging        | |  3.7
Unarmed Combat | |  0.4
Evocations     | |  0.2

Action                   |  1- 3 |  4- 6 |  7- 9 || total
-------------------------+-------+-------+-------++-------
Melee: Hand axe          |    93 |    19 |       ||   112
       Headbutt          |    17 |    44 |    52 ||   113
       Mace              |       |   121 |       ||   121
       Unarmed           |       |     9 |       ||     9
       Punch             |       |     5 |     2 ||     7
       War axe           |       |    49 |   173 ||   222
       Flail             |       |       |    23 ||    23
       Halberd           |       |       |    22 ||    22
Throw: Stone             |       |       |     1 ||     1
       Boomerang         |       |       |     5 ||     5
Invok: Ancestor Life: Ba |       |       |     1 ||     1
Evoke: Wand              |       |       |     1 ||     1
 Stab: Distracted        |       |       |     2 ||     2
Armor: Plate armour      |    90 |   152 |   164 ||   406
       Skin              |       |     2 |       ||     2
Dodge: Dodged            |    26 |    70 |    63 ||   159
